 Dungeon Crawl Stone Soup version 0.29.1-2-gbd0b4ee654 (webtiles) character file.

Game seed: 1676840456275344540

7126 styxcanada the Covert (level 10, -5/44 HPs)
             Began as a Spriggan Brigand on Oct 25, 2022.
             Was an Initiate of Gozag.
             Slain by a sun demon (16 damage)
             ... on level 10 of the Dungeon.
             The game lasted 01:18:03 (12669 turns).

styxcanada the Covert (Spriggan Brigand)           Turns: 12669, Time: 01:18:05

Health: -5/44      AC: 11    Str:  7    XL:     10   Next: 85%
Magic:  0/23       EV: 22    Int: 15    God:    Gozag
Gold:   1088       SH:  0    Dex: 22    Spells: 18/26 levels left

rFire   . . .      SeeInvis +   a - +2 dagger (vorpal)
rCold   . . .      Faith    .   (no shield)
rNeg    . . .      Spirit   +   b - +0 robe
rPois   .          Reflect  .   j - +2 hat {Int+3}
rElec   .          Harm     .   c - +0 cloak
rCorr   .          Rampage  .   (gloves unavailable)
Will    +....                   (boots unavailable)
Stlth   +++++.....              E - amulet of guardian spirit
HPRegen 0.94/turn               G - +4 ring of slaying
MPRegen 0.18/turn               J - +4 ring of protection

@: gold aura, flying, very quick
A: very small, no large weapons, unfitting armour, see invisible, speed 3,
iridescent scales 1, frail 1, regeneration 1
a: Renounce Religion, Potion Petition, Call Merchant, Bribe Branch


You were on level 10 of the Dungeon.
You worshipped Gozag.
Gozag was most pleased with you.
You visited 2 branches of the dungeon, and saw 11 of its levels.
You also visited: Sewer.

You collected 1441 gold pieces.
You spent 310 gold pieces at shops.
You paid 43 gold pieces to Gozag.

Inventory:

Hand Weapons
 a - a +2 vorpal dagger (weapon)
 g - a +3 dagger of speed
 m - a +2 flail of protection
Missiles
 d - 25 poisoned darts (quivered)
 h - 89 stones
 A - a throwing net
 C - 3 curare-tipped darts
Armour
 b - a +0 robe (worn)
 c - a +0 cloak (worn)
 e - an orb of guile
 j - a +2 hat of intelligence (worn)
Jewellery
 k - an amulet of the acrobat
 t - a ring of flight
 D - the ring of Immorality {rPois rF+ Will+ SInv Stlth-}
   (You bought it in a shop on level 1 of the Dungeon)

   [ring of protection from fire]

   rF:        It protects you from fire.
   rPois:     It protects you from poison.
   SInv:      It lets you see invisible.
   Will:      It increases your willpower.
   Stlth:     It makes you less stealthy.
 E - an amulet of guardian spirit (around neck)
 G - a +4 ring of slaying (left hand)
 J - a +4 ring of protection (right hand)
Wands
 i - a wand of polymorph (13)
Scrolls
 f - 11 scrolls of teleportation
Potions
 n - 3 potions of resistance
 o - 6 potions of curing
 q - a potion of heal wounds
 r - 3 potions of haste
 s - 2 potions of brilliance
 u - 3 potions of lignification
 v - a potion of might
 x - 2 potions of degeneration {unknown}
 z - a potion of cancellation {unknown}
 I - 2 potions of ambrosia {unknown}
 K - 3 potions of flight


   Skills:
 + Level 3.8 Fighting
 + Level 4.9 Short Blades
 + Level 3.5 Throwing
 * Level 6.7 Dodging
 * Level 11.8 Stealth
 * Level 8.5 Spellcasting
 * Level 3.8 Hexes
 + Level 7.1 Transmutations
 * Level 2.0 Ice Magic
 * Level 4.3 Air Magic
 * Level 5.2 Poison Magic
 * Level 3.9 Evocations


You had 18 spell levels left.
You knew the following spells:

 Your Spells              Type           Power      Damage    Failure   Level
a - Sting                 Tmut/Pois      100%       1d8       1%          1
b - Poisonous Vapours     Pois/Air       40%        N/A       2%          2
c - Ensorcelled Hibernat  Hex/Ice        30%        N/A       5%          2
d - Confusing Touch       Hex            17%        N/A       7%          3

Your spell library contained the following spells:

 Spells                   Type           Power      Damage    Failure   Level
 Slow                     Hex            68%        N/A       2%          1
 Spider Form              Tmut/Pois      25%        N/A       2%          3
 Passwall                 Tmut/Erth      14%        N/A       4%          2
 Ignite Poison            Fire/Tmut/Pois 18%        N/A       6%          3
 Apportation              Tloc           12%        N/A       12%         1
 Foxfire                  Conj/Fire      24%        2x1d5     12%         1
 Magic Dart               Conj           24%        1d4       12%         1
 Necrotise                Necr           24%        1d5       12%         1
 Sandblast                Erth           12%        2d6       12%         1
 Summon Small Mammal      Summ           24%        N/A       12%         1
 Olgreb's Toxic Radiance  Pois           22%        N/A       13%         4
 Inner Flame              Hex/Fire       12%        N/A       16%         3
 Searing Ray              Conj           12%        2d4       17%         2
 Sublimation of Blood     Necr           6%         N/A       17%         2
 Petrify                  Tmut/Erth      17%        N/A       26%         4
 Conjure Flame            Conj/Fire      6%         6-21      34%         3
 Stone Arrow              Conj/Erth      12%        3d7       34%         3
 Vampiric Draining        Necr           6%         2d6       34%         3
 Anguish                  Hex/Necr       6%         N/A       45%         4
 Fulminant Prism          Conj/Hex       6%         3d7       45%         4
 Irradiate                Conj/Tmut      8%         3d14      58%         5
 Flame Wave               Conj/Fire      6%         2d5       75%         4
 Sticky Flame             Conj/Fire      6%         2d3       75%         4


Dungeon Overview and Level Annotations

Branches:
Dungeon (10/15)            Temple (1/1) D:4           Sewer (visited)
   Lair: D:8-11         Orc: D:9-12

Altars:
Ashenzari
Cheibriados
Gozag
Hepliaklqana
Makhleb
Nemelex Xobeh
Qazlal
Ru
Sif Muna
Xom
Yredelemnul

Shops:
D:1 **?   D:7 (


Innate Abilities, Weirdness & Mutations

You are very small and have problems with some larger weapons.
You are too small for most types of armour.
You have supernaturally acute eyesight. (SInv)
You cover ground extremely quickly. (Speed+++)
You are partially covered in iridescent scales. (AC +2)
You are frail. (-10% HP)
Your natural rate of healing is unusually fast.


Message History

The sun demon is lightly wounded.
The sun demon hits you but does no damage.
You hit the sun demon.
The sun demon is lightly wounded.
The sun demon closely misses you.
You barely miss the sun demon.
The sun demon is lightly wounded.
The sun demon completely misses you.
You barely miss the sun demon.
The sun demon is lightly wounded.
The sun demon closely misses you.
It was a potion of flight.
You feel very buoyant.
You fly up into the air.
The sun demon hits you but does no damage.
The howler monkey hoots and howls with incredible vigour!
You hear a shout! x3
You closely miss the sun demon.
The sun demon is lightly wounded.
You hear a bellow!
The sun demon is distracted by your dazzling golden aura.
You hear a bellow!
The sun demon shouts!
You puncture the sun demon!
The sun demon is no longer distracted by gold.
The sun demon is moderately wounded.
You hear a shout!
The sun demon hits you.
You are engulfed in flames!
* * * LOW HITPOINT WARNING * * *
You barely miss the sun demon.
The sun demon is moderately wounded.
The sun demon completely misses you.
You feel much better.
The sun demon hits you but does no damage.
As you read the scroll of identify, it crumbles to dust.
v - a potion of might The sun demon hits you!!
* * * LOW HITPOINT WARNING * * *
You are engulfed in flames!
You die...
Your body crumbles into a pile of gold.

#.♣P..#...Y...
#.P.. #.......
#...# #.......
#...# #.......
#...# #......3
#...# #.......
#...# #.......
#####Y..###.......
#@334h....4.......
##################


You could see 2 sun demons, an ice devil, a yak and a howler monkey.

Vanquished Creatures
  A two-headed ogre (D:8)
  A troll (D:9)
  Grinder (D:5)
  3 hornets
  9 yaks
  A shadow (D:7)
  A steam dragon (D:6)
  An acid dragon (D:8)
  3 water moccasins
  A sky beast (D:7)
  4 ice beasts
  An orc warrior (D:9)
  2 ogres
  5 centaurs
  A kobold brigand (D:9)
  3 bullfrogs
  3 gnoll sergeants
  3 necrophages
  5 scorpions
  2 wights (D:9)
  6 killer bees (D:9)
  2 howler monkeys (D:8)
  3 orc priests
  3 hounds (D:5)
  A jelly (D:5)
  3 iguanas
  4 gnoll boudas
  4 orc wizards
  Terence (D:2)
  A hell rat (Sewer)
  28 gnolls
  6 adders
  3 river rats (Sewer)
  5 white imps (D:7)
  An ufetubus (D:6)
  4 worms
  2 dart slugs
  21 orcs
  9 ball pythons
  A bat (D:2)
  4 endoplasms
  2 giant cockroaches
  4 goblins
  4 hobgoblins
  9 kobolds
  2 quokkas
  4 frilled lizards
  14 rats
202 creatures vanquished.

Vanquished Creatures (others)
  8 demonic plants (D:10)
8 creatures vanquished.

Grand Total: 210 creatures vanquished

Notes
Turn   | Place    | Note
-------+----------+-------------------------------------------
     0 | D:1      | styxcanada the Spriggan Brigand began the quest for the
                  | Orb.
     0 | D:1      | Reached XP level 1. HP: 10/10 MP: 2/2
    21 | D:1      | Found a faded altar of an unknown god.
    35 | D:1      | Reached skill level 6 in Stealth
    99 | D:1      | Found Coutoidgh's Assorted Antiques.
   245 | D:1      | Found Yxaak's Assorted Antiques.
   262 | D:1      | Reached XP level 2. HP: 15/15 MP: 3/3
   454 | D:1      | Found Siomag's Magic Scroll Shop.
   464 | D:1      | Bought a scroll of identify for 20 gold pieces
   728 | D:2      | Identified the +4 ring mail of a Labyrinth {rC- Will+
                  | Regen+ Slay+3}
   858 | D:2      | Reached XP level 3. HP: 16/18 MP: 4/4
   894 | D:2      | Noticed Terence
   901 | D:2      | Killed Terence
   902 | D:2      | Reached skill level 7 in Stealth
   955 | D:2      | Learned a level 1 spell: Sting
  1410 | D:2      | Reached XP level 4. HP: 23/23 MP: 1/5
  1793 | D:2      | Learned a level 2 spell: Poisonous Vapours
  2387 | D:3      | Found a burning altar of Makhleb.
  2387 | D:3      | Noticed a cacodemon
  2390 | D:3      | Noticed an orange demon
  2390 | D:3      | Noticed a hellwing
  2538 | D:4      | Noticed an ogre
  2590 | D:4      | Killed an ogre
  2591 | D:4      | Reached skill level 8 in Stealth
  2591 | D:4      | Reached skill level 1 in Spellcasting
  2591 | D:4      | Reached skill level 1 in Transmutations
  2591 | D:4      | Reached XP level 5. HP: 26/26 MP: 0/8
  2697 | D:4      | Reached skill level 1 in Poison Magic
  2730 | D:4      | Found a glowing drain.
  2748 | Sewer    | Entered a sewer
  3107 | Sewer    | Reached skill level 1 in Air Magic
  3337 | D:4      | Reached XP level 6. HP: 30/31 MP: 9/9
  3420 | D:4      | Found a staircase to the Ecumenical Temple.
  3426 | Temple   | Entered the Ecumenical Temple
  3472 | Temple   | Became a worshipper of Gozag Ym Sagoz the Greedy
  3590 | D:1      | Bought a coppery potion for 20 gold pieces
  3590 | D:1      | Bought a black potion for 20 gold pieces
  3590 | D:1      | Bought a golden potion for 20 gold pieces
  4157 | D:5      | Entered Level 5 of the Dungeon
  4279 | D:5      | Noticed Grinder
  4550 | D:5      | Reached XP level 7. HP: 25/35 MP: 9/11
  4968 | D:5      | Killed Grinder
  4969 | D:5      | Reached skill level 9 in Stealth
  4969 | D:5      | Reached XP level 8. HP: 29/40 MP: 9/14
  5286 | D:5      | Found a basalt altar of Yredelemnul.
  5412 | D:1      | Bought a faintly glowing silver ring for 115 gold pieces
  5412 | D:1      | Identified the ring of Immorality {rPois rF+ Will+ SInv
                  | Stlth-} (You bought it in a shop on level 1 of the Dungeon)
  5428 | D:1      | Bought a dented ruby amulet for 115 gold pieces
  6333 | D:6      | Reached skill level 5 in Spellcasting
  7115 | D:6      | Found a sacrificial altar of Ru.
  7118 | D:6      | Reached XP level 9. HP: 44/44 MP: 17/19
  7244 | D:7      | Found a shimmering blue altar of Sif Muna.
  7251 | D:7      | Found a sparkling altar of Nemelex Xobeh.
  7521 | D:7      | Found a snail-covered altar of Cheibriados.
  7557 | D:7      | Reached skill level 10 in Stealth
  7898 | D:7      | Reached skill level 5 in Dodging
  8024 | D:7      | Learned a level 2 spell: Ensorcelled Hibernation
  8496 | D:7      | Reached skill level 1 in Evocations
  8585 | D:7      | Reached skill level 5 in Transmutations
  8641 | D:7      | Reached skill level 1 in Hexes
  8738 | D:7      | Found Wiliske's Weapon Shop.
  9377 | D:8      | Noticed a two-headed ogre
  9415 | D:8      | Killed a two-headed ogre
  9416 | D:8      | Reached skill level 1 in Ice Magic
  9416 | D:8      | Reached XP level 10. HP: 46/49 MP: 8/22
 10398 | D:8      | Learned a level 3 spell: Confusing Touch
 10430 | D:9      | Paralysed by a hornet for 1 turns
 10436 | D:9      | Reached skill level 5 in Poison Magic
 10531 | D:9      | Reached skill level 11 in Stealth
 11162 | D:9      | Found a stormy altar of Qazlal.
 11717 | D:8      | Gained mutation: Your mind is acute. (Int +4, Str/Dex -1)
                  | [potion of mutation]
 11717 | D:8      | Gained mutation: You are agile. (Dex +4, Str/Int -1)
                  | [potion of mutation]
 11717 | D:8      | Gained mutation: You are weak. (Str -2) [potion of
                  | mutation]
 11718 | D:8      | Lost mutation: You are agile. (Dex +4, Str/Int -1) [potion
                  | of mutation]
 11718 | D:8      | Lost mutation: Your mind is acute. (Int +4, Str/Dex -1)
                  | [potion of mutation]
 11718 | D:8      | Lost mutation: You are weak. (Str -2) [potion of mutation]
 11718 | D:8      | Gained mutation: You are dopey. (Int -2) [potion of
                  | mutation]
 11718 | D:8      | Gained mutation: You are frail. (-10% HP) [potion of
                  | mutation]
 11718 | D:8      | Gained mutation: You have sharp toenails. [potion of
                  | mutation]
 11719 | D:8      | Lost mutation: You have sharp toenails. [potion of
                  | mutation]
 11719 | D:8      | Lost mutation: You are dopey. (Int -2) [potion of mutation]
 11719 | D:8      | Gained mutation: You are very frail. (-20% HP) [potion of
                  | mutation]
 11720 | D:8      | Lost mutation: You are very frail. (-20% HP) [potion of
                  | mutation]
 11720 | D:8      | Lost mutation: You are frail. (-10% HP) [potion of
                  | mutation]
 11720 | D:8      | Gained mutation: Your natural rate of healing is unusually
                  | fast. [potion of mutation]
 11720 | D:8      | Gained mutation: You are frail. (-10% HP) [potion of
                  | mutation]
 11720 | D:8      | Gained mutation: You are partially covered in iridescent
                  | scales. (AC +2) [potion of mutation]
 11908 | D:9      | Found a shimmering altar of Xom.
 11909 | D:9      | Found a hazy altar of Hepliaklqana.
 12559 | D:10     | Entered Level 10 of the Dungeon
 12594 | D:10     | Noticed a sun demon
 12596 | D:10     | Noticed a sun demon
 12648 | D:10     | HP: 1/44 [sun demon (13)]
 12669 | D:10     | Slain by a sun demon

Illustrated notes

Levels and vault maps discovered:
D:1:      kennysheep_arrival_forest, layout_loops_cross, serial_shops,
          nicolae_shop_overgrown_old_shop, nicolae_shop_advertising_works
          [nicolae_subvault_shop_adworks], nicolae_shop_waterfront,
          ebering_ecumenical_altar_mist
D:2:      layout_basic, uniq_terence
D:3:      layout_basic, makhleb_altar_promises_db,
          chequers_serial_rivers_small_3, grunt_ministairs_4
D:4:      layout_basic, minmay_temple_entry_hall, portal_sewer_entry_e
D:5:      layout_basic, mainiacjoe_overflow_alcove_4, uniq_grinder
D:6:      layout_cave_pools, marbit_many_paths, chequers_arboretum,
          minmay_door_square, glass_columns_c
D:7:      layout_rooms, grunt_temple_overflow_open, serial_shops,
          nicolae_stop_n_shop_1
D:8:      layout_gridville
D:9:      layout_rooms, regret_index_temple_of_mockery, grunt_qazlal_sundering
D:10:     layout_long_grid, david_orc_2, serial_demonic, serial_demonic_a,
          serial_demonic_g, serial_demonic_b, serial_demonic_b,
          serial_demonic_e, serial_demonic_b, serial_demonic_f,
          serial_demonic_b, uniq_harold, uniq_grum
Temple:   nicolae_temple_figure_eight

Skill      XL: |  1  2  3  4  5  6  7  8  9 10 |
---------------+-------------------------------+-----
Stealth        | 6 7 8 9 10 11 | 11.8
Dodging        | 2 3 4 6 |  6.7
Fighting       | 2 3 |  3.8
Spellcasting   | 1 2 3 6 7 8 |  8.5
Transmutations | 1 2 3 4 5 7 |  7.1
Poison Magic   | 1 2 3 4 5 |  5.2
Air Magic      | 1 2 3 4 |  4.3
Short Blades   | 3 4 |  4.9
Throwing       | 3 |  3.5
Evocations     | 2 3 |  3.9
Hexes          | 2 3 |  3.8
Ice Magic      | 1 2 |  2.0

Action                   |  1- 3 |  4- 6 |  7- 9 | 10-12 || total
-------------------------+-------+-------+-------+-------++-------
Melee: Dagger            |    57 |   108 |   293 |   165 ||   623
       Punch             |       |     1 |     5 |     2 ||     8
Throw: Dart              |    23 |    40 |    27 |    10 ||   100
       Stone             |       |     1 |     2 |       ||     3
 Cast: Sting             |     6 |    25 |    80 |    15 ||   126
       Poisonous Vapours |       |     4 |    41 |     6 ||    51
       Ensorcelled Hiber |       |       |     3 |    42 ||    45
       Confusing Touch   |       |       |       |     2 ||     2
Evoke: Wand              |       |       |    12 |       ||    12
  Use: Scroll            |       |     3 |     7 |    14 ||    24
       Potion            |       |       |     1 |     7 ||     8
 Stab: Sleeping          |    10 |    13 |     9 |    22 ||    54
       Distracted        |       |     1 |     4 |     1 ||     6
       Confused          |       |       |       |     2 ||     2
Armor: Robe              |     1 |     8 |    20 |    22 ||    51
Dodge: Dodged            |    16 |    61 |   184 |   133 ||   394
